 Dungeon Crawl Stone Soup version 0.28-a0-1152-g9c71ebef14 (webtiles) character file.

Game seed: 2534617398159742536

78476 Turgor the Severer (level 15, -1/147 HPs)
             Began as a Minotaur Fighter on Dec 11, 2021.
             Was the Champion of Okawaru.
             Killed from afar by an ogre mage (12 damage)
             ... with a bolt of magma
             ... on level 2 of the Orcish Mines on Dec 14, 2021.
             The game lasted 01:53:50 (26701 turns).

Turgor the Severer (Minotaur Fighter)              Turns: 26701, Time: 01:53:51

Health: -1/147     AC: 20    Str: 31    XL:     15   Next: 18%
Magic:  15/15      EV: 12    Int: 12    God:    Okawaru [******]
Gold:   2264       SH:  0    Dex: 14    Spells: 12/14 levels left

rFire   + + .      SeeInvis +   w - +10 battleaxe "Naen" {flame, rPois rC+ Str+3 Dex-2 SInv}
rCold   + + .      Faith    .   (shield currently unavailable)
rNeg    . . .      Spirit   .   F - +0 chain mail "Biazemoc" {rElec rC+ Int+7}
rPois   +          Reflect  .   x - +0 hat of the Bagpipe {rPois rF++}
rElec   +          Harm     .   B - +0 cloak
rCorr   .          Rampage  .   c - +0 pair of gloves {Stlth+}
Will    +....                   (no boots)
Stlth   ..........              v - amulet of regeneration
HPRegen 1.14/turn               g - +6 ring of dexterity
MPRegen 0.14/turn               D - +4 ring of protection

@: studying 2 skills
A: horns 2, retaliatory headbutt
a: Renounce Religion, Heroism, Finesse, Duel


You were on level 2 of the Orcish Mines.
You worshipped Okawaru.
Okawaru was exalted by your worship.
You visited 4 branches of the dungeon, and saw 22 of its levels.
You also visited: Bailey and Gauntlet.

You collected 2324 gold pieces.
You spent 60 gold pieces at shops.

Inventory:

Hand Weapons
 e - a +1 triple crossbow of flaming
 w - the +10 battleaxe "Naen" (weapon) {flame, rPois rC+ Str+3 Dex-2 SInv}
   (Okawaru gifted it to you on level 5 of the Lair of Beasts)

   It burns those it strikes, dealing additional fire damage.
   Big, fiery blades are also staple armaments of hydra-hunters.
   Str:       It affects your strength (+3).
   Dex:       It affects your dexterity (-2).
   rC:        It protects you from cold.
   rPois:     It protects you from poison.
   SInv:      It lets you see invisible.
 K - a +0 vampiric executioner's axe
Missiles
 b - 2 throwing nets
 l - 321 bolts
 m - 6 curare-tipped darts
 t - 15 poisoned darts (quivered)
 R - 4 silver javelins
Armour
 c - a +0 pair of gloves of stealth (worn)
 x - the +0 hat of the Bagpipe (worn) {rPois rF++}
   (You found it in a Gauntlet)

   rF:        It greatly protects you from fire.
   rPois:     It protects you from poison.
 B - a +0 cloak (worn)
 F - the +0 chain mail "Biazemoc" (worn) {rElec rC+ Int+7}
   (You took it off a minotaur in a Gauntlet)

   Int:       It affects your intelligence (+7).
   rC:        It protects you from cold.
   rElec:     It insulates you from electricity.
 G - the +3 tower shield of the True Pharaoh {rElec}
   (You took it off a kobold brigand on level 7 of the Dungeon)

   rElec:     It insulates you from electricity.
Jewellery
 g - a +6 ring of dexterity (left hand)
 v - an amulet of regeneration (around neck)
 D - a +4 ring of protection (right hand)
Wands
 a - a wand of polymorph (6)
 u - a wand of flame (53)
 N - a wand of iceblast (18)
 Z - a wand of digging (6)
Scrolls
 h - 2 scrolls of blinking {unknown}
 i - 2 scrolls of magic mapping
 j - 3 scrolls of vulnerability {unknown}
 k - 6 scrolls of fog {unknown}
 o - 4 scrolls of enchant armour {unknown}
 p - 3 scrolls of enchant weapon {unknown}
 r - 5 scrolls of teleportation
 y - 3 scrolls of holy word {unknown}
 H - a scroll of amnesia {unknown}
 L - 3 scrolls of fear {unknown}
 M - 2 scrolls of brand weapon {unknown}
 S - a scroll of torment {unknown}
Potions
 d - 5 potions of haste
 f - 2 potions of flight
 n - a potion of ambrosia
 q - 6 potions of magic
 s - a potion of lignification
 z - 6 potions of invisibility
 A - 7 potions of heal wounds
 C - a potion of brilliance {unknown}
 E - a potion of cancellation
 I - 3 potions of curing
 J - a potion of berserk rage
 P - a potion of resistance
 X - 2 potions of might
Miscellaneous
 U - a condenser vane
 W - a lightning rod (4/4)


   Skills:
 + Level 17.1 Fighting
 + Level 19.1 Axes
 - Level 10.0 Crossbows
 + Level 5.5 Throwing
 + Level 14.3 Armour
 + Level 6.6 Dodging
 - Level 4.0 Shields
 + Level 2.1 Invocations
 + Level 1.9 Evocations


You had 12 spell levels left.
You knew the following spells:

 Your Spells              Type           Power      Damage    Failure   Level
a - Wereblood             Tmut           0%         N/A       85%         2

Your spell library contained the following spells:

 Spells                   Type           Power      Damage    Failure   Level
 Beastly Appendage        Tmut           0%         N/A       71%         1
 Foxfire                  Conj/Fire      0%         2x1d4     71%         1
 Pain                     Necr           0%         1d4       71%         1
 Shock                    Conj/Air       0%         1d3       71%         1
 Slow                     Hex            0%         N/A       71%         1
 Sting                    Tmut/Pois      0%         1d3       71%         1
 Ensorcelled Hibernation  Hex/Ice        0%         N/A       85%         2
 Poisonous Vapours        Pois/Air       0%         N/A       85%         2
 Confusing Touch          Hex            0%         N/A       97%         3
 Conjure Flame            Conj/Fire      0%         6-21      97%         3
 Dazzling Flash           Conj/Hex       0%         N/A       97%         3
 Inner Flame              Hex/Fire       0%         N/A       97%         3
 Ozocubu's Armour         Ice            0%         N/A       97%         3
 Portal Projectile        Hex/Tloc       0%         N/A       97%         3
 Spider Form              Tmut/Pois      0%         N/A       97%         3
 Vampiric Draining        Necr           0%         2d6       97%         3
 Cause Fear               Hex            0%         N/A       100%        4
 Flame Wave               Conj/Fire      0%         2d4       100%        4
 Iskenderun's Mystic Bla  Conj/Tloc      0%         2d3       100%        4
 Olgreb's Toxic Radiance  Pois           0%         N/A       100%        4
 Agony                    Necr           0%         N/A       100%        5
 Blade Hands              Tmut           0%         N/A       100%        5
 Excruciating Wounds      Necr           0%         N/A       100%        5
 Silence                  Hex/Air        0%         N/A       100%        5
 Yara's Violent Unravell  Hex/Tmut       0%         3d3       100%        5
 Conjure Ball Lightning   Conj/Air       0%         3x3d6     100%        6
 Starburst                Conj/Fire      0%         6d3       100%        6
 Dragon Form              Tmut           0%         N/A       100%        7
 Ozocubu's Refrigeration  Ice            0%         4d5       100%        7
 Discord                  Hex            0%         N/A       100%        8
 Disjunction              Tloc           0%         N/A       100%        8
 Ignition                 Fire           0%         3d3       100%        8
 Animate Skeleton         Necr           Unusable   N/A       N/A         1
 Dragon's Call            Summ           Unusable   N/A       N/A         9

Dungeon Overview and Level Annotations

Branches:
Dungeon (13/15)            Temple (1/1) D:6            Lair (6/6) D:10
 Shoals (0/4) Lair:3        Snake (0/4) Lair:3        Slime (0/5) Lair:5
    Orc (2/2) D:10            Elf (0/3) Orc:2        Bailey (visited)
Gauntlet (visited)
 Vaults: D:13-14

Altars:
Ashenzari
Dithmenos
Fedhas
Gozag
Hepliaklqana
Kikubaaqudgha
Makhleb
Nemelex Xobeh
Okawaru
Qazlal
Ru
Sif Muna
Trog
Uskayaw
Vehumet
Wu Jian
Xom
The Shining One
Beogh
Lugonu

Shops:
D:4 ?   D:8 :(

Portals:
Abyss: Lair:6
Trove: D:12 (give 19 potions of curing)

Annotations:
Lair:2 2 transporters, exclusion: ice statue, Jade's ghost, journeyman GrEE


Innate Abilities, Weirdness & Mutations

You have a pair of horns on your head.
You reflexively headbutt those who attack you in melee.


Message History

The puff of flame misses you.
The ogre mage hits you from afar with a +2 halberd of venom!
You feel like a meek peon again.
The ogre mage gestures at the ogre mage while chanting.
The ogre mage seems to speed up.
The ogre mage gestures at something while chanting.
You open the warg like a pillowcase!!! You burn the warg.
You kill the warg!
Okawaru accepts your kill.
The ogre mage gestures at you while chanting.
The bolt of magma hits you! You partially resist.
The ogre mage hits you from afar with a +2 halberd of venom.
The ogre mage barely misses you.
The orc wizard mumbles some strange words.
The orc wizard flickers and vanishes for a moment.
The ogre mage hits you from afar with a +2 halberd of venom.
You barely miss the ogre. The ogre closely misses you.
The ogre mage hits you but does no damage.
You slice the ogre!! You burn the ogre!
You kill the ogre!
Okawaru accepts your kill.
The ogre mage gestures at you while chanting.
The bolt of magma hits you! You partially resist.
The ogre mage points at the ogre mage and mumbles some strange words.
The ogre mage seems to speed up.
The ogre mage casts a spell at you. The bolt of magma hits you!
You partially resist.
* * * LOW HITPOINT WARNING * * *
The ogre mage hits you but does no damage.
The ogre mage casts a spell at you. The bolt of magma hits you!
You partially resist.
* * * LOW HITPOINT WARNING * * *
The ogre mage closely misses you.
The ogre mage points at you and mumbles some strange words.
The bolt of magma hits you!! You partially resist.
* * * LOW HITPOINT WARNING * * *
The ogre mage is no longer moving quickly.
The ogre mage casts a spell at you. The bolt of magma hits you!
You partially resist.
You die...

################# .######
###.#....#.....##.. ##..
..#...###..................
##.....#.....#...................
.#....###.....#..................
.......#.....O...................
......###.....#O@.....<...)..#...
.......#.#.#.....................
........)Oo.Oo...................
............O..........).........
†....#............#..)))........#
#.............#..................
....#).##....###.................
...#)......###...................
..##....#...#....................


You could see 2 ogre magi, 3 ogres, an orc wizard (invisible) and an orc.

Vanquished Creatures
  A minotaur (Gauntlet)
  9 hydras
  2 boulder beetles
  2 ogre magi (Orc:2)
  Fannar (D:12)
  A death knight (D:12)
  13 two-headed ogres
  4 thrashing horrors (Lair:6)
  2 large abominations (Lair:6)
  2 wizards (Gauntlet)
  An orb spider (shapeshifter) (Lair:6)
  2 deep elf pyromancers
  2 ugly things
  3 cyclopes
  14 elephants
  7 black mambas
  Maurice (D:9)
  A smoke demon (Lair:6)
  A torpor snail (Gauntlet)
  2 rime drakes (Lair:6)
  Psyche (D:9)
  9 komodo dragons
  10 cane toads
  2 unseen horrors (D:12)
  2 ancient zymes (Lair:6)
  A meliai (D:12)
  A meliai (shapeshifter) (Lair:6)
  2 polar bears (Lair:5)
  3 trolls
  A hornet (shapeshifter) (Lair:6)
  60 blink frogs
  9 dream sheep
  4 slime creatures
  A snapping turtle (Lair:3)
  2 spriggans (Lair:6)
  A centaur simulacrum (D:10)
  2 vampires
  7 basilisks
  3 wraiths
  8 wyverns
  43 yaks
  2 steam dragons (D:7)
  2 chaos spawn (Lair:6)
  2 vampire mosquitoes (D:12)
  2 nagas (Lair:3)
  Edmund (D:4)
  A warg (Orc:2)
  An acid dragon (D:7)
  24 water moccasins
  9 small abominations (Lair:6)
  4 black bears
  A sky beast (D:6)
  10 orc warriors
  5 ice beasts
  A hornet zombie (D:8)
  5 necrophages
  4 centaurs
  21 ogres
  3 phantoms
  14 wolves
  A kobold brigand (D:7)
  13 bullfrogs
  A wyvern zombie (D:7)
  A water moccasin zombie (D:5)
  A scorpion (D:6)
  A wyvern skeleton (D:7)
  16 killer bees
  An electric eel (Lair:1)
  8 wights (D:9)
  5 howler monkeys
  5 jellies
  3 bullfrog zombies
  A centaur zombie (D:7)
  3 hounds
  2 centaur skeletons
  12 orc priests
  A gnoll shaman (D:5)
  2 iguanas
  Jessica (D:2)
  A bullfrog skeleton (D:6)
  Ijyb (D:4)
  Terence (D:3)
  9 orc wizards
  4 howler monkey zombies
  9 adders
  19 gnolls
  7 shadow imps
  4 white imps
  2 ufetubi (D:6)
  An adder skeleton (D:4)
  A worm (D:2)
  3 dart slugs
  49 orcs
  7 ball pythons
  2 bats
  8 endoplasms
  5 giant cockroaches
  8 goblins
  14 hobgoblins
  8 jackals
  14 kobolds
  5 frilled lizards
  3 rats
618 creatures vanquished.

Vanquished Creatures (others)
  2 wizards
  A blink frog (Lair:6)
  A white imp (Gauntlet)
  24 fungi
  33 plants
  A withered plant (Gauntlet)
62 creatures vanquished.

Grand Total: 680 creatures vanquished

Notes
Turn   | Place    | Note
-------+----------+-------------------------------------------
     0 | D:1      | Turgor the Minotaur Fighter began the quest for the Orb.
     0 | D:1      | Reached XP level 1. HP: 19/19 MP: 0/0
    59 | D:1      | Reached XP level 2. HP: 27/27 MP: 1/1
   227 | D:1      | Reached skill level 3 in Axes
   261 | D:1      | Found a faded altar of an unknown god.
   618 | D:2      | Reached XP level 3. HP: 30/33 MP: 2/2
   764 | D:2      | Noticed Jessica
   768 | D:2      | Killed Jessica
   769 | D:2      | Reached skill level 4 in Axes
   769 | D:2      | Reached XP level 4. HP: 40/40 MP: 3/3
  1324 | D:3      | Noticed Terence
  1332 | D:3      | Killed Terence
  1333 | D:3      | Reached XP level 5. HP: 38/47 MP: 4/4
  1441 | D:3      | Reached skill level 5 in Axes
  1703 | D:3      | Found a broken altar of Ashenzari.
  2341 | D:4      | Found Yxeagao's Magic Scroll Boutique.
  2351 | D:4      | Bought a scroll of teleportation for 30 gold pieces
  2351 | D:4      | Bought a scroll of identify for 20 gold pieces
  2351 | D:4      | Bought a scroll of noise for 10 gold pieces
  2400 | D:4      | Noticed a necrophage
  2406 | D:4      | Killed a necrophage
  2407 | D:4      | Reached skill level 5 in Fighting
  2407 | D:4      | Reached skill level 5 in Armour
  2407 | D:4      | Reached XP level 6. HP: 56/56 MP: 5/5
  2415 | D:4      | Noticed Edmund
  2418 | D:4      | Reached skill level 6 in Axes
  2428 | D:4      | Killed Edmund
  2731 | D:4      | Noticed Ijyb
  2736 | D:4      | Reached XP level 7. HP: 37/61 MP: 6/6
  2746 | D:4      | Killed Ijyb
  3134 | D:4      | Learned a level 2 spell: Wereblood
  3200 | D:4      | Reached skill level 7 in Axes
  3403 | D:5      | Entered Level 5 of the Dungeon
  3868 | D:5      | Reached skill level 8 in Axes
  4018 | D:5      | Reached XP level 8. HP: 71/71 MP: 7/7
  4439 | D:5      | Reached skill level 9 in Axes
  4489 | D:5      | Found an ornate altar of the Wu Jian Council.
  4756 | D:6      | Reached skill level 10 in Axes
  4833 | D:6      | Found a staircase to the Ecumenical Temple.
  4842 | Temple   | Entered the Ecumenical Temple
  4960 | Temple   | Became a worshipper of Warmaster Okawaru
  5667 | D:7      | Reached * piety under Okawaru
  5668 | D:7      | Reached skill level 11 in Axes
  5668 | D:7      | Reached XP level 9. HP: 78/82 MP: 8/8
  6024 | D:7      | Identified the +3 tower shield of the True Pharaoh {rElec}
  6046 | D:7      | Reached skill level 12 in Axes
  6115 | D:7      | Reached ** piety under Okawaru
  6119 | D:7      | Noticed a deep elf pyromancer
  6260 | D:7      | Noticed a two-headed ogre
  6280 | D:7      | Killed a two-headed ogre
  6281 | D:7      | Reached skill level 10 in Fighting
  6281 | D:7      | Reached skill level 13 in Axes
  6442 | D:7      | Killed a deep elf pyromancer
  6442 | D:7      | Reached *** piety under Okawaru
  6443 | D:7      | Reached XP level 10. HP: 33/93 MP: 9/9
  6813 | D:7      | Reached skill level 1 in Throwing
  6825 | D:7      | Identified the ring "Lanockev" {*Corrode MP+9 Int+6 Slay+2}
  6826 | D:7      | Noticed a cyclops
  6835 | D:7      | HP: 4/94 [cyclops (21)]
  7310 | D:7      | Killed a cyclops
  7311 | D:7      | Reached skill level 14 in Axes
  8029 | D:7      | You fall into a shaft and drop 3 floors!
  8029 | D:10     | Entered Level 10 of the Dungeon
  8142 | D:9      | Noticed Maurice
  8336 | D:9      | Killed Maurice
  8336 | D:9      | Reached **** piety under Okawaru
  8758 | D:8      | Found a bloodstained altar of Trog.
  9085 | D:8      | Found Keocoe's Weapon Shop.
  9177 | D:8      | Reached skill level 15 in Axes
  9414 | D:8      | Found Xiygiem's Self-Improvement Boutique.
  9824 | D:8      | Noticed a wizard
  9830 | D:8      | Killed a wizard
  9878 | D:9      | Noticed Psyche
  9886 | D:9      | Killed Psyche
 10035 | D:9      | Received a gift from Okawaru
 10039 | D:9      | Reached XP level 11. HP: 80/102 MP: 8/10
 10712 | D:10     | Reached skill level 1 in Crossbows
 11079 | D:10     | Found a staircase to the Orcish Mines.
 11319 | D:10     | Found a staircase to the Lair.
 11592 | D:10     | Found a burning altar of Makhleb.
 11898 | D:11     | Received a gift from Okawaru
 11909 | D:11     | Reached skill level 16 in Axes
 12175 | D:11     | Found an iron altar of Okawaru.
 12180 | D:11     | Identified the +7 hand axe of Bugeeh {vorpal, Int+2}
 12907 | D:11     | Reached ***** piety under Okawaru
 13097 | D:12     | Noticed a deep elf pyromancer
 13104 | D:12     | Killed a deep elf pyromancer
 13241 | D:12     | Noticed a four-headed hydra
 13349 | D:12     | Received a gift from Okawaru
 13512 | D:12     | Found a portal to a secret trove of treasure.
 13544 | D:12     | Noticed a two-headed ogre
 13560 | D:12     | Killed a two-headed ogre
 13848 | D:12     | Noticed Fannar
 13858 | D:12     | Killed Fannar
 14006 | D:12     | Identified the +1 rapier of Wu Jian's Vengeance {flame, rC+
                  | Will+ Dex-2 SInv}
 14008 | D:12     | Noticed a boulder beetle
 14025 | D:12     | Killed a boulder beetle
 14026 | D:12     | Reached skill level 17 in Axes
 14026 | D:12     | Reached XP level 12. HP: 92/113 MP: 8/11
 14150 | D:12     | Reached skill level 5 in Crossbows
 14538 | D:12     | Noticed a death knight
 14553 | D:12     | Killed a death knight
 14553 | D:12     | HP: 4/113 [mirror damage (5)]
 15036 | D:12     | Killed an eight-headed hydra
 15119 | D:12     | Upgraded the game from 0.28-a0-1117-g0bdd5ba030 to
                  | 0.28-a0-1152-g9c71ebef14
 15178 | D:12     | Received a gift from Okawaru
 15483 | Lair:1   | Entered Level 1 of the Lair of Beasts
 16026 | Lair:1   | Received a gift from Okawaru
 16702 | Lair:2   | Reached skill level 18 in Axes
 16733 | Lair:2   | Received a gift from Okawaru
 17008 | Lair:2   | Found a transporter.
 17026 | Lair:2   | Found a transporter.
 17038 | Lair:2   | Noticed Jade's ghost (journeyman GrEE)
 17038 | Lair:2   | Noticed a seven-headed hydra
 17183 | Lair:2   | Noticed a seven-headed hydra
 17220 | Lair:2   | Killed a nine-headed hydra
 17608 | Lair:3   | Noticed a four-headed hydra
 17639 | Lair:2   | Noticed a four-headed hydra
 17651 | Lair:2   | Killed a six-headed hydra
 17788 | Lair:3   | Received a gift from Okawaru
 17929 | Lair:3   | Reached skill level 10 in Armour
 17933 | Lair:3   | Killed an 11-headed hydra
 17934 | Lair:3   | Reached XP level 13. HP: 73/124 MP: 6/12
 18385 | Lair:3   | Found a staircase to the Snake Pit.
 18808 | Lair:3   | Found a staircase to the Shoals.
 19667 | Lair:4   | Received a gift from Okawaru
 21126 | Lair:5   | Reached skill level 15 in Fighting
 21447 | Lair:5   | Found a staircase to the Slime Pits.
 21647 | Lair:5   | Reached skill level 1 in Dodging
 21925 | Lair:5   | Found a hide-covered altar of Uskayaw.
 21966 | Lair:5   | Received a gift from Okawaru
 22282 | Lair:5   | Reached skill level 10 in Crossbows
 22596 | Lair:5   | Reached ****** piety under Okawaru
 22600 | Lair:5   | Identified the +10 battleaxe "Naen" {flame, rPois rC+ Str+3
                  | Dex-2 SInv} (Okawaru gifted it to you on level 5 of the
                  | Lair of Beasts)
 22600 | Lair:5   | Received a gift from Okawaru
 22601 | Lair:5   | Reached XP level 14. HP: 102/136 MP: 10/13
 23326 | Lair:6   | Entered Level 6 of the Lair of Beasts
 23428 | Lair:6   | Found a gate leading to a gauntlet.
 23465 | Gauntlet | Entered a Gauntlet
 23465 | Gauntlet | Found a transporter.
 23473 | Gauntlet | Found a transporter.
 23474 | Gauntlet | Found a transporter.
 23482 | Gauntlet | Found a transporter.
 23504 | Gauntlet | Found a transporter.
 23518 | Gauntlet | Found a transporter.
 23520 | Gauntlet | Found a transporter.
 23555 | Gauntlet | Found a transporter.
 23568 | Gauntlet | Found a transporter.
 23578 | Gauntlet | Found a transporter.
 23583 | Gauntlet | Found a transporter.
 23583 | Gauntlet | Found a transporter.
 23624 | Gauntlet | Found a transporter.
 23635 | Gauntlet | Found a transporter.
 23794 | Gauntlet | Identified the +0 hat of the Bagpipe {rPois rF++}
 23940 | Gauntlet | Identified the +4 war axe of a Gauntlet {freeze, rC+}
 23940 | Gauntlet | Identified the +0 chain mail "Biazemoc" {rElec rC+ Int+7}
 23962 | Gauntlet | Got the Volume of Frigorific Flight
 24277 | Lair:6   | Received a gift from Okawaru
 24753 | Lair:6   | Identified the +2 chain mail "Ovoull" {rF- Int+9 Dex+2}
                  | (Okawaru gifted it to you on level 6 of the Lair of Beasts)
 24753 | Lair:6   | Received a gift from Okawaru
 24899 | Lair:6   | Reached skill level 5 in Dodging
 25257 | Lair:6   | Identified the +8 falchion of Lachrymose Courage {venom,
                  | rPois Int+4 Dex-4}
 25499 | Lair:6   | Found a corrupted altar of Lugonu.
 25499 | Lair:6   | Found a one-way gate to the infinite horrors of the Abyss.
 25502 | Lair:6   | Reached skill level 19 in Axes
 25744 | Orc:1    | Entered Level 1 of the Orcish Mines
 25756 | Orc:1    | Received a gift from Okawaru
 25781 | Orc:1    | Found a flagged portal.
 25820 | Bailey   | Entered a bailey
 26059 | Orc:1    | Acquired a +0 vampiric executioner's axe
 26409 | Orc:1    | Acquired 467 gold pieces
 26422 | Orc:2    | Entered Level 2 of the Orcish Mines
 26528 | Orc:2    | Found a staircase to the Elven Halls.
 26635 | Orc:2    | Reached skill level 1 in Invocations
 26635 | Orc:2    | Reached skill level 1 in Evocations
 26639 | Orc:2    | Reached XP level 15. HP: 147/147 MP: 12/14
 26646 | Orc:2    | Reached skill level 5 in Throwing
 26701 | Orc:2    | Killed from afar by an ogre mage

Illustrated notes

Levels and vault maps discovered:
D:1:      eino_arrival_druids_welcome, layout_loops_ring,
          hellmonk_ecumenical_altar_arch_garden
D:2:      layout_basic, nrook_loot_triangle, uniq_jessica
D:3:      layout_basic, mainiacjoe_overflow_six_doors_small, uniq_terence
D:4:      layout_loops_ring, serial_shops, shop, uniq_ijyb, uniq_edmund
D:5:      layout_loops_ring, mainiacjoe_overflow_alcove_2, grunt_ministairs_5
D:6:      layout_gridville, minmay_temple_entry_offerings, bh_walls_and_bars
D:7:      minmay_the_grid_octo_tiled_squarecenter [minmay_the_grid_octo_horde,
          minmay_the_grid_octo_concentric, minmay_the_grid_octo_toaster,
          minmay_the_grid_octo_pinwheel,
          minmay_the_grid_square_5x5_megaprize_checkered,
          minmay_the_grid_square_5x5_lines, minmay_the_grid_square_5x5_meh,
          minmay_the_grid_square_5x5_empty,
          minmay_the_grid_square_5x5_checkered], layout_loops_corners
D:8:      layout_loops_corners, trog_wizard, serial_shops,
          nicolae_shop_bloodbath_and_beyond, minmay_splitting_lines,
          grunt_decor_arrowhead, nicolae_shop_self_help
D:9:      layout_stronghold, uniq_psyche, uniq_maurice
D:10:     layout_loops_corners, kennysheep_mini, david_lair_generic,
          orc_0_dummy, abandoned_shop
D:11:     layout_loops_cross, okawaru_ov_weapons_minmay
D:12:     layout_roguey, nicolae_trove_entry_crossroad, grunt_ministairs_12,
          uniq_fannar
D:13:     layout_rooms, uniq_jorgrun, uniq_urug
Temple:   dpeg_five_rooms_temple
Lair:1:   layout_gridlike, beast_lair_carwin_10, grunt_megastairs_2,
          lemuel_fruit_tree, serial_bayou_shore_b
Lair:2:   layout_regular_city, nzn_ghost_randoct, grunt_megastairs_1
Lair:3:   layout_regular_city, minmay_shoals_entry_hut,
          guppyfry_snake_entry_island
Lair:4:   layout_gridlike
Lair:5:   layout_hall_layers, nicolae_slime_entry_slimehenge, basic_altar,
          nzn_sisyphean_effort, grunt_megastairs_5
Lair:6:   hellmonk_lair_end_abyssal_woods, layout_cave_pods,
          gauntlet_entry_generic, lemuel_fruit_fields, grunt_megastairs_4
Orc:1:    layout_caves, enter_bailey_2, basic_altar
Orc:2:    st_orc_ogre_mass, layout_caves

Skill      XL: |  1  2  3  4  5  6  7  8  9 10 11 12 13 14 15 |
---------------+----------------------------------------------+-----
Axes           | 3 4 5 6 8 11 13 15 17 18 19 | 19.1
Armour         | 4 5 6 7 10 12 14 | 14.3
Fighting       | 4 5 6 8 10 11 12 14 15 17 | 17.1
Shields        | 4 |  4.0
Throwing       | 4 5 |  5.5
Crossbows      | 4 7 10 | 10.0
Dodging        | 3 6 |  6.6
Invocations    | 1 2 |  2.1
Evocations     | 1 |  1.9

Action                   |  1- 3 |  4- 6 |  7- 9 | 10-12 | 13-15 || total
-------------------------+-------+-------+-------+-------+-------++-------
Melee: War axe           |    57 |    93 |   218 |    98 |       ||   466
       Headbutt          |     7 |    19 |    68 |   174 |   119 ||   387
       Hand axe          |       |       |       |   112 |       ||   112
       Broad axe         |       |       |       |   383 |   268 ||   651
       Battleaxe         |       |       |       |       |   292 ||   292
 Fire: Hand crossbow     |       |       |       |    60 |   126 ||   186
       Triple crossbow   |       |       |       |       |    36 ||    36
Throw: Stone             |       |     7 |       |       |       ||     7
       Dart              |       |     2 |    14 |    20 |     6 ||    42
       Boomerang         |       |       |       |     7 |       ||     7
Invok: Heroism           |       |       |       |    12 |    13 ||    25
Evoke: Wand              |       |       |     6 |    13 |     1 ||    20
       Condenser vane    |       |       |       |     1 |       ||     1
       Lightning rod     |       |       |       |     4 |       ||     4
  Use: Scroll            |       |     2 |       |    11 |     7 ||    20
       Potion            |       |     1 |     1 |     5 |     1 ||     8
 Stab: Invisible         |       |       |       |       |     4 ||     4
Armor: Scale mail        |    21 |    41 |    79 |   218 |   153 ||   512
       Chain mail        |       |       |       |       |   102 ||   102
Dodge: Dodged            |    22 |    27 |    68 |   201 |   280 ||   598
Block: Buckler           |    14 |    15 |    43 |   106 |    58 ||   236

Table legend: (Time is in decaauts)
 A = Elapsed time spent in this place.
 B = Non-inter-level travel time spent in this place.
 C = Inter-level travel time spent in this place.
 D = Time resting spent in this place.
 E = Time spent auto-exploring this place.
 F = Levels seen in this place.
 G = Mean time per level.
                   A        B        C        D        E       F      G
               +--------+--------+--------+--------+--------+-----+--------+
         Total |  26469 |  25207 |   1262 |   3400 |  16987 |  24 | 1102.9 |
       Dungeon |  15502 |  14802 |    700 |   2269 |   9992 |  13 | 1192.5 |
        Temple |    194 |    118 |     76 |      0 |    105 |   1 |  194.0 |
          Lair |   9332 |   8857 |    475 |   1013 |   6343 |   6 | 1555.3 |
  Orcish Mines |    702 |    692 |     10 |      0 |    477 |   2 |  351.0 |
        Bailey |    230 |    230 |      0 |      0 |     70 |   1 |  230.0 |
      Gauntlet |    508 |    508 |      0 |    118 |      0 |   1 |  508.0 |
               +--------+--------+--------+--------+--------+-----+--------+

Top non-repeatable levels by time:
     D:7: 2307 daAuts
    D:12: 2137 daAuts
  Lair:5: 1930 daAuts
  Lair:4: 1810 daAuts
  Lair:6: 1749 daAuts
    D:10: 1622 daAuts
  Lair:2: 1453 daAuts
     D:9: 1418 daAuts
  Lair:3: 1270 daAuts
    D:11: 1265 daAuts
     D:5: 1218 daAuts
     D:4: 1214 daAuts
  Lair:1: 1117 daAuts
     D:3: 1044 daAuts
     D:6: 1042 daAuts
